 Dungeon Crawl Stone Soup version 0.23.2-1-ga50397a (webtiles) character file.

Game seed: 5443860299370132731

28885 Telecat the Unseen (level 13, -3/101 HPs)
             Began as a Vampire Assassin on May 28, 2019.
             Was a Follower of Uskayaw.
             Slain by an entropy weaver (13 damage)
             ... on level 5 of the Lair of Beasts.
             The game lasted 01:21:15 (26062 turns).

Telecat the Unseen (Vampire Assassin)              Turns: 26062, Time: 01:21:16

Health: -3/101     AC: -8    Str: 11    XL:     13   Next: 12%
Magic:  11/17      EV: 30    Int: 17    God:    Uskayaw [*.....]
Gold:   1041       SH:  0    Dex: 21    Spells: 5/12 levels left

rFire    . . .     SeeInvis +   (weapon currently unavailable)
rCold    + . .     Gourm    .   (shield currently unavailable)
rNeg     + + .     Faith    .   (armour currently unavailable)
rPois    +         Spirit   .   (helmet currently unavailable)
rElec    .         Reflect  .   (cloak currently unavailable)
rCorr    .         Harm     .   (gloves currently unavailable)
MR       +....                  (boots currently unavailable)
Stlth    ++++++++..             E - amulet of magic regeneration
HPRegen  0.13/turn              (ring currently unavailable)
MPRegen  0.40/turn              (ring currently unavailable)

@: confusing touch, bat-form, corroded, flying, regenerating slowly, very quick
A: tiny, fangs 3, see invisible
a: End Transformation, Stomp, Renounce Religion


You were on level 5 of the Lair of Beasts.
You worshipped Uskayaw.
Uskayaw was noncommittal.
You were near bloodless.
You were in vampire-bat-form.
You visited 3 branches of the dungeon, and saw 16 of its levels.

You collected 1041 gold pieces.

Inventory:

Hand Weapons
 a - a +2 dagger of electrocution (melded)
 b - a +0 blowgun
 i - a +2 short sword of venom
Missiles
 e - 45 poisoned needles
 f - 9 curare-tipped needles
 g - 5 tomahawks (quivered)
 x - 8 silver tomahawks
Armour
 d - a +0 cloak (melded)
 n - a +1 ring mail (melded)
 o - a cursed +0 robe
 D - a +0 hat of see invisible (melded)
 F - a +0 pair of boots (melded)
 I - a +0 pair of gloves (melded)
Magical Staves
 v - an uncursed staff of fire {unknown}
Jewellery
 m - a +2 ring of protection (melded)
 u - an uncursed ring of ice
 y - an uncursed ring of positive energy
 E - an amulet of magic regeneration (around neck)
 N - an uncursed ring of flight
 Q - the ring "Xebockol" {+Blink rPois rC+++ MR+ MP-9}
   (You found it on level 8 of the Dungeon)

   [ring of protection from magic]

   It renders you almost immune to cold.
   It protects you from poison.
   It affects your resistance to hostile enchantments.
   It affects your magic capacity (-9).
   It lets you blink.
 R - an uncursed ring of protection from magic
 S - an uncursed ring of fire
 T - a ring of resist corrosion (melded)
Wands
 c - a wand of paralysis (8)
 k - a wand of polymorph (11)
 r - a wand of random effects (40)
 H - a wand of enslavement (3)
 K - a wand of digging (5)
 O - a wand of iceblast (20)
 W - a wand of clouds (6)
Scrolls
 j - 2 scrolls of blinking
 w - a scroll of enchant armour
 z - 2 scrolls of magic mapping
 B - 2 scrolls of amnesia
 G - 7 scrolls of remove curse
 L - 2 scrolls of enchant weapon
 P - a scroll of fear
 V - a scroll of fog
Potions
 h - 2 potions of heal wounds
 l - 6 potions of might
 p - 4 potions of curing
 q - 3 potions of blood
 s - 2 potions of lignification
 t - a potion of invisibility {unknown}
 A - 2 potions of flight {unknown}
 C - a potion of experience {unknown}
 J - 2 potions of resistance
 M - a potion of brilliance
 U - a potion of ambrosia {unknown}
Miscellaneous
 Y - a lamp of fire


   Skills:
 + Level 9.2 Fighting
 + Level 10.8 Short Blades
 + Level 8.4 Throwing
 - Level 9.0 Dodging
 + Level 15.3 Stealth
 + Level 7.7 Hexes
 + Level 5.5 Invocations


You had 5 spell levels left.
You knew the following spells:

 Your Spells              Type           Power        Failure   Level  Hunger
a - Confuse               Hex            ####....     3%          3    ####...
b - Confusing Touch       Hex            ####..       1%          1    ##.....
c - Tukima's Dance        Hex            ####....     3%          3    ####...

Your spell library contained the following spells:

 Spells                   Type           Power        Failure   Level  Hunger
 Inner Flame              Hex/Fire       ##......     14%         3    ####...
 Apportation              Tloc           #.....       24%         1    ##.....
 Flame Tongue             Conj/Fire      #....        24%         1    ##.....
 Summon Butterflies       Summ           #.......     24%         1    ##.....
 Throw Flame              Conj/Fire      #.....       34%         2    ###....
 Conjure Flame            Conj/Fire      #.......     56%         3    ####...
 Gell's Gravitas          Tloc           #.........   56%         3    ####...
 Lesser Beckoning         Tloc           #.........   56%         3    ####...
 Metabolic Englaciation   Hex/Ice        ##........   80%         5    ######.
 Yara's Violent Unravell  Hex/Tmut       ##........   80%         5    ######.
 Petrify                  Tmut/Erth      #.......     93%         4    #####..
 Sticky Flame             Conj/Fire      #.......     93%         4    #####..
 Alistair's Intoxication  Tmut/Pois      #.......     100%        5    ######.
 Fireball                 Conj/Fire      #.........   100%        5    ######.
 Invisibility             Hex            ####....     83%         6    #######


Dungeon Overview and Level Annotations

Branches:
Dungeon (10/15)            Temple (1/1) D:5            Lair (5/6) D:10
  Swamp (0/4) Lair:3       Spider (0/4) Lair:2
  Slime: Lair:5-6       Orc: D:9-12

Altars:
Ashenzari
Cheibriados
Dithmenos
Elyvilon
Fedhas
Gozag
Hepliaklqana
Kikubaaqudgha
Makhleb
Nemelex Xobeh
Okawaru
Qazlal
Ru
Sif Muna
Trog
Uskayaw
Vehumet
Wu Jian
Xom
Yredelemnul
Zin
The Shining One

Shops:
D:7 :

Annotations:
D:4 1 runed translucent door, Sassenached's ghost, amateur DrFE
Lair:3 1 runed translucent door, cab's ghost, journeyman GrEE


Innate Abilities, Weirdness & Mutations

You heal slowly.
You have razor-sharp teeth.
You have supernaturally acute eyesight. (SInv)
((You can survive without breathing.))


Message History

The entropy weaver closely misses you.
You turn into a vampire bat.
Your +2 dagger of electrocution melds into your body.
Your +0 cloak melds into your body.
Your +0 hat of see invisible melds into your body.
Your +0 pair of gloves melds into your body.
Your +0 pair of boots melds into your body.
Your +1 ring mail melds into your body.
Your +2 ring of protection melds into your body.
Your ring of resist corrosion melds into your body.
Your +2 dagger of electrocution stops crackling.
The entropy weaver mumbles some strange words.
The entropic weave corrodes you!
The entropy weaver completely misses you.
The entropy weaver hits you!
* * * LOW HITPOINT WARNING * * *
The entropy weaver hits you.
* * * LOW HITPOINT WARNING * * *
The entropy weaver hits you!
You die...

#.#........... ..
##.##....#.... ...
#....#.P..# ....
##.....(.## ##....
#......(..##......
#P...(.(#..P...#
##.......#....## .
###.....(.a##....
#......b..(.... ≈
###.............. ≈≈≈
##.#............#P ≈≈.≈
#......(.......## ≈P#.
##..............#.....)....
#..P.#.................)...
#.....##...............P###
#######......##..#.P....#P.
####....#.^...#........


You could see an entropy weaver.

Vanquished Creatures
  An entropy weaver (Lair:5)
  Snorg (D:9)
  A hydra (Lair:4)
  Fannar (D:10)
  Erica (D:10)
  4 two-headed ogres
  A queen ant (Lair:5)
  4 elephants (Lair:3)
  A black mamba (Lair:1)
  4 komodo dragons
  6 spiny frogs
  A rime drake (Lair:3)
  A troll (D:8)
  4 blink frogs (Lair:2)
  2 hippogriffs
  3 bog bodies (Lair:3)
  A shadow (D:8)
  A wyvern (Lair:4)
  3 redbacks (Lair:2)
  Grum (D:9)
  24 yaks
  3 basilisks
  A hungry ghost (D:7)
  A steam dragon (Lair:2)
  A swamp worm (Lair:3)
  11 soldier ants (Lair:5)
  10 porcupines
  3 water moccasins
  3 orc warriors
  4 sky beasts
  An eye of draining (D:8)
  A black bear (D:8)
  A necrophage (D:10)
  5 phantoms
  3 ice beasts
  3 ogres
  11 wolves
  8 crocodiles
  7 centaurs
  A big kobold (D:9)
  11 bullfrogs
  A water moccasin zombie (D:10)
  3 scorpions
  4 killer bees
  16 wights
  2 electric eels
  6 howler monkeys
  2 crimson imps
  2 centaur zombies
  A bullfrog zombie (D:5)
  3 hounds
  5 jellies
  2 centaur skeletons (D:10)
  7 orc wizards
  3 orc priests
  2 bullfrog skeletons (D:5)
  An iron imp (D:9)
  12 worker ants
  Natasha (thrice) (D:4)
  An iguana (D:8)
  2 hound zombies (D:8)
  A hound skeleton (D:4)
  2 mummies
  4 gnolls (D:2)
  A howler monkey skeleton (D:8)
  9 adders
  A shadow imp (D:10)
  3 oozes
  An adder skeleton (D:4)
  4 worms
  4 dart slugs
  8 leopard geckos
  24 orcs
  2 ball pythons (D:2)
  6 giant cockroaches
  9 goblins
  5 hobgoblins
  9 jackals
  13 kobolds
  4 quokkas
  6 bats
  5 frilled lizards
  A jackal skeleton (D:6)
  A leopard gecko zombie (D:6)
  2 quokka skeletons
  2 rats
  A butterfly (Lair:5)
361 creatures vanquished.

Vanquished Creatures (others)
  3 fungi
  A plant (D:10)
4 creatures vanquished.

Grand Total: 365 creatures vanquished

Notes
Turn   | Place    | Note
-------+----------+-------------------------------------------
     0 | D:1      | Telecat the Vampire Assassin began the quest for the Orb.
     0 | D:1      | Reached XP level 1. HP: 16/16 MP: 1/1
   448 | D:1      | Reached skill level 6 in Stealth
   448 | D:1      | Reached XP level 2. HP: 22/22 MP: 2/2
  1122 | D:2      | Reached XP level 3. HP: 10/27 MP: 3/3
  1605 | D:2      | Reached XP level 4. HP: 23/34 MP: 4/4
  2173 | D:2      | Found an ornate altar of the Wu Jian Council.
  2310 | D:2      | Found a stormy altar of Qazlal.
  2671 | D:2      | Found a bloodstained altar of Trog.
  2753 | D:3      | Reached XP level 5. HP: 39/39 MP: 5/5
  2885 | D:3      | Reached skill level 7 in Stealth
  3476 | D:3      | Found a glowing drain.
  3869 | D:4      | Noticed a phantom
  4263 | D:4      | Found a bloodstained altar of Trog.
  4263 | D:4      | Found a shimmering altar of Xom.
  4263 | D:4      | Found a deep blue altar of Sif Muna.
  4383 | D:4      | Found a white marble altar of Elyvilon.
  4412 | D:4      | Found a runed translucent door.
  4417 | D:4      | Noticed Sassenached's ghost (amateur DrFE)
  4471 | D:4      | Reached XP level 6. HP: 42/47 MP: 6/6
  4553 | D:4      | Found a sand-covered staircase.
  4553 | D:4      | Noticed Natasha
  4557 | D:4      | Killed Natasha
  4665 | D:4      | Noticed Natasha
  4673 | D:4      | Killed Natasha
  5112 | D:4      | Noticed Natasha
  5127 | D:4      | Killed Natasha
  5596 | D:5      | Entered Level 5 of the Dungeon
  5660 | D:5      | Reached skill level 8 in Stealth
  5660 | D:5      | Reached XP level 7. HP: 43/52 MP: 7/7
  5892 | D:5      | Found a hazy altar of Hepliaklqana.
  7710 | D:5      | Reached XP level 8. HP: 50/60 MP: 8/8
  8027 | D:5      | Found a staircase to the Ecumenical Temple.
  8037 | D:5      | Reached skill level 5 in Short Blades
  8046 | Temple   | Entered the Ecumenical Temple
  8169 | D:5      | Reached skill level 9 in Stealth
  8476 | D:6      | Found a basalt altar of Yredelemnul.
  8533 | D:6      | Reached skill level 5 in Dodging
  8731 | D:6      | Found a glowing silver altar of Zin.
  9179 | D:7      | Found Faba's Book Emporium.
  9386 | D:7      | Reached skill level 10 in Stealth
  9443 | D:7      | Reached skill level 5 in Fighting
  9569 | D:7      | Reached XP level 9. HP: 64/68 MP: 9/9
  9893 | D:8      | Noticed a two-headed ogre
  9932 | D:8      | Killed a two-headed ogre
  9932 | D:8      | Reached skill level 5 in Throwing
  9970 | D:8      | Reached skill level 11 in Stealth
 10004 | D:8      | Noticed a two-headed ogre
 10020 | D:8      | Killed a two-headed ogre
 10174 | D:8      | Found a sparkling altar of Nemelex Xobeh.
 10175 | D:8      | Found an opulent altar of Gozag.
 10657 | D:8      | Reached XP level 10. HP: 76/76 MP: 10/10
 10682 | D:8      | Got a bound platinum ring
 10809 | D:8      | HP: 3/76 [orc warrior/+0 trident (9)]
 11542 | D:8      | Noticed a two-headed ogre
 11663 | D:8      | Killed a two-headed ogre
 12223 | D:8      | Reached skill level 12 in Stealth
 13383 | D:8      | Identified the ring "Xebockol" {+Blink rPois rC+++ MR+
                  | MP-9} (You found it on level 8 of the Dungeon)
 13481 | D:9      | Noticed Grum
 13510 | D:9      | Killed Grum
 13755 | D:9      | Found a snail-covered altar of Cheibriados.
 15120 | D:9      | Noticed a +0 dagger
 15122 | D:9      | Noticed a +0 dagger
 15126 | D:9      | Found a hide-covered altar of Uskayaw.
 15134 | D:9      | Became a worshipper of Uskayaw the Reveler
 15233 | D:10     | Entered Level 10 of the Dungeon
 15542 | D:10     | Noticed Fannar
 15543 | D:10     | Killed Fannar
 15543 | D:10     | Reached XP level 11. HP: 84/84 MP: 11/11
 15543 | D:10     | Reached * piety under Uskayaw
 15545 | D:10     | Reached ** piety under Uskayaw
 15556 | D:10     | Noticed Snorg
 15564 | D:10     | Reached *** piety under Uskayaw
 15977 | D:9      | Killed Snorg
 15977 | D:9      | Reached skill level 13 in Stealth
 15977 | D:9      | Reached skill level 1 in Invocations
 16034 | D:10     | Reached **** piety under Uskayaw
 16574 | D:10     | Noticed Erica
 16593 | D:10     | Killed Erica
 16599 | D:10     | Noticed a two-headed ogre
 16607 | D:10     | Reached ***** piety under Uskayaw
 16630 | D:10     | Killed a two-headed ogre
 16632 | D:10     | Reached ****** piety under Uskayaw
 17350 | D:10     | Learned a level 3 spell: Confuse
 17436 | D:10     | Reached skill level 1 in Hexes
 17809 | D:10     | Found a staircase to the Lair.
 17856 | D:10     | Learned a level 1 spell: Confusing Touch
 17917 | Lair:1   | Entered Level 1 of the Lair of Beasts
 19803 | Lair:2   | Reached skill level 14 in Stealth
 19803 | Lair:2   | Reached XP level 12. HP: 92/92 MP: 14/14
 20023 | Lair:2   | Found a hole to the Spider Nest.
 20868 | Lair:3   | Reached skill level 5 in Hexes
 20889 | Lair:3   | Reached skill level 10 in Short Blades
 21643 | Lair:3   | Found an ornate altar of the Wu Jian Council.
 21814 | Lair:3   | Found a runed translucent door.
 21814 | Lair:3   | Noticed cab's ghost (journeyman GrEE)
 21989 | Lair:3   | Found a staircase to the Swamp.
 23058 | Lair:3   | Learned a level 3 spell: Tukima's Dance
 23464 | Lair:4   | Reached skill level 5 in Invocations
 23485 | Lair:4   | Noticed an eight-headed hydra
 23552 | Lair:4   | Reached skill level 15 in Stealth
 24258 | Lair:4   | Killed an eight-headed hydra
 25159 | Lair:5   | Noticed an entropy weaver
 25179 | Lair:5   | Noticed an entropy weaver
 25184 | Lair:5   | Noticed a queen ant
 25220 | Lair:5   | Killed a queen ant
 25220 | Lair:5   | Reached XP level 13. HP: 86/101 MP: 15/17
 25252 | Lair:5   | HP: 4/101 [entropy weaver (2)]
 25274 | Lair:5   | Killed an entropy weaver
 26062 | Lair:5   | Slain by an entropy weaver

Skill      XL: |  1  2  3  4  5  6  7  8  9 10 11 12 |
---------------+-------------------------------------+-----
Stealth        | 6 7 8 10 11 12 14 15 | 15.3
Fighting       | 2 3 4 5 6 7 8 9 |  9.2
Throwing       | 2 3 4 5 6 7 8 |  8.4
Dodging        | 2 3 4 5 7 8 9 |  9.0
Short Blades   | 3 4 6 7 8 9 10 | 10.8
Invocations    | 3 5 |  5.5
Hexes          | 3 7 |  7.7

Action                   |  1- 3 |  4- 6 |  7- 9 | 10-12 | 13-15 || total
-------------------------+-------+-------+-------+-------+-------++-------
Melee: Dagger            |    10 |       |    22 |   576 |     3 ||   611
       Short sword       |    58 |   205 |   296 |   371 |    31 ||   961
       Bite              |     6 |    24 |    33 |   107 |     2 ||   172
 Fire: Blowgun           |     3 |     9 |    10 |    35 |     5 ||    62
 Cast: Confuse           |       |       |       |    27 |     2 ||    29
       Confusing Touch   |       |       |       |    15 |     2 ||    17
Invok: Stomp             |       |       |       |     6 |       ||     6
       Line Pass         |       |       |       |     3 |       ||     3
 Abil: Bat Form          |     2 |     2 |     3 |    10 |     2 ||    19
       End Transformatio |     2 |     2 |     3 |    10 |     1 ||    18
  Use: Potion            |     3 |     8 |     9 |    32 |     2 ||    54
       Scroll            |       |     9 |     3 |    10 |       ||    22
 Stab: Sleeping          |     9 |    16 |    16 |    19 |       ||    60
       Distracted        |       |       |     1 |     5 |       ||     6
       Paralysed         |       |       |       |    28 |     3 ||    31
       Confused          |       |       |       |    28 |     1 ||    29
Armor: Ring mail         |    10 |    55 |    87 |   216 |    13 ||   381
       Robe              |     1 |       |       |       |       ||     1
Dodge: Dodged            |    35 |    82 |   154 |   564 |    20 ||   855
